 Dungeon Crawl Stone Soup version 0.31-a0-188-g5e087ee2ca (webtiles) character file.

Game seed: 14652304480214487291

120 qw the Skirmisher (level 4, -2/25 HPs)
             Began as a Deep Elf Hunter on June 23, 2023.
             Slain by a black bear (4 damage)
             ... on level 4 of the Dungeon.
             The game lasted 00:00:45 (2329 turns).

qw the Skirmisher (Deep Elf Hunter)                 Turns: 2329, Time: 00:00:45

Health: -2/25      AC:  5    Str: 10    XL:     4   Next: 75%
Magic:  6/6        EV: 11    Int: 14    God:
Gold:   142        SH:  0    Dex: 18    Spells: 3/3 levels left

rFire   . . .        Y - +0 shortbow
rCold   . . .        (shield currently unavailable)
rNeg    . . .        e - +0 ring mail
rPois   .            (no helmet)
rElec   .            (no cloak)
rCorr   .            (no gloves)
SInv    .            (no boots)
Will    .....        (no amulet)
Stlth   +            (no ring)
HPRegen 0.24/turn    (no ring)
MPRegen 0.10/turn

%: no passive effects
@: no status effects
A: no striking features
a: no special abilities


You were on level 4 of the Dungeon.
You visited 1 branch of the dungeon, and saw 4 of its levels.

You collected 142 gold pieces.


   Skills:
 - Level 1.5 Fighting
 + Level 8.2 Ranged Weapons
 - Level 2.4 Dodging
 - Level 1.2 Stealth


You had 3 spell levels left.
You didn't know any spells.
Your spell library was empty.

Inventory:

Hand Weapons
 Y - a +0 shortbow (weapon)
Armour
 e - a +0 ring mail (worn)
Potions
 a - a potion of curing
 d - a potion of heal wounds {unknown}
 f - a potion of enlightenment

Dungeon Overview and Level Annotations

Branches:
Dungeon (4/15)
 Temple: D:4-7

Altars:


Message History

The endoplasm is heavily wounded.
You shoot an arrow. The arrow hits the endoplasm!
You kill the endoplasm!
Found 2 poisoned darts.
A black bear comes into view.
Found a scroll of identify.
The black bear growls angrily.
You shoot an arrow.
The arrow closely misses the black bear.
You shoot an arrow. The arrow hits the black bear!
The black bear is moderately wounded.
You shoot an arrow.
The arrow hits the black bear but does no damage.
The black bear is moderately wounded.
A hound comes into view.
You shoot an arrow. The hound barks!
The arrow hits the black bear.
The black bear is moderately wounded.
The black bear bites you. The black bear closely misses you.
The black bear barely misses you.
You shoot an arrow. The arrow hits the black bear.
The black bear is heavily wounded.
The black bear bites you. The black bear closely misses you. x2
You shoot an arrow. The arrow barely misses the black bear.
The black bear bites you.
The black bear claws you but does no damage. x2
You shoot an arrow. The arrow hits the black bear!
The black bear is severely wounded.
The hound bites you but does no damage. The black bear bites you.
The black bear closely misses you. The black bear claws you.
The hound closely misses you.
You shoot an arrow. The arrow hits the black bear.
The black bear is severely wounded.
The hound bites you. The black bear barely misses you.
The black bear closely misses you. The black bear claws you.
You shoot an arrow. The arrow barely misses the black bear.
The hound bites you but does no damage. The black bear bites you.
The black bear claws you.
You die...

## #. .## #.<
#(.# ## #...
##.?. ... ##..#
#... ....
#....##.?#...?#
#......hh..#
#.....>@#
........# ##..
...(###.# ...#
... #.## ......
.... #..# .....#
.... ##.# .....#
.....##.##.....#
................
#
.....##..#.####
####


You could see a black bear and a hound.

Vanquished Creatures
  A hound (D:3)
  3 adders
  2 worms
  2 dart slugs
  An orc (D:3)
  8 ball pythons
  3 bats
  5 endoplasms
  2 giant cockroaches (D:3)
  4 goblins
  4 hobgoblins
  A quokka (D:2)
  3 frilled lizards
  3 kobolds
  8 rats
50 creatures vanquished.

Notes
Turn   | Place    | Note
-------+----------+-------------------------------------------
     0 | D:1      | qw the Deep Elf Hunter began the quest for the Orb.
     0 | D:1      | Reached XP level 1. HP: 12/12 MP: 3/3
     0 | D:1      | 0 ||| qw: Version: 0.3-a-9-g12657ce
     0 | D:1      | 0 ||| qw: Game counter: 3714
     0 | D:1      | 0 ||| qw: Always use a shield: true
     0 | D:1      | 0 ||| qw: God list: Okawaru
     0 | D:1      | 0 ||| qw: Allow faded altars: false
     0 | D:1      | 0 ||| qw: Do Orc after D:15 true
     0 | D:1      | 0 ||| qw: Do second Lair branch before Depths: true
     0 | D:1      | 0 ||| qw: Lair rune preference: random
     0 | D:1      | 0 ||| qw: Plans: Normal
     0 | D:1      | 0 ||| PLANNING D:1-11
    77 | D:1      | Reached XP level 2. HP: 16/16 MP: 4/4
   113 | D:1      | Reached skill level 6 in Ranged Weapons
   352 | D:1      | 352 ||| READING scroll labelled TYR CIMELO.
   353 | D:1      | 353 ||| DROPPING scroll of butterflies.
   517 | D:2      | Reached XP level 3. HP: 20/20 MP: 5/5
  1014 | D:2      | 1014 ||| UPGRADING to +0 ring mail.
  1024 | D:2      | 1024 ||| DROPPING +0 leather armour.
  1025 | D:2      | 1025 ||| READING scroll labelled OMOPSEPONNA.
  1046 | D:3      | 1046 ||| STAIRDANCE
  1078 | D:3      | 1078 ||| STAIRDANCE
  1082 | D:2      | Reached skill level 7 in Ranged Weapons
  1193 | D:3      | Reached XP level 4. HP: 25/25 MP: 6/6
  1369 | D:3      | Found a faded altar of an unknown god.
  1397 | D:3      | Reached skill level 8 in Ranged Weapons
  2238 | D:3      | 2238 ||| READING scroll labelled ITEXOU USKOUJ.
  2241 | D:3      | 2241 ||| READING scroll labelled PIOKHL COTOG.
  2242 | D:3      | 2242 ||| READING scroll labelled ZESURGHAAFI.
  2243 | D:3      | 2243 ||| DRINKING 2 fizzy dark potions.
  2244 | D:3      | 2244 ||| DRINKING 2 fizzy grey potions.
  2320 | D:4      | Noticed a black bear
  2329 | D:4      | HP: 2/25 [black bear (5)]
  2329 | D:4      | Slain by a black bear

Levels and vault maps discovered:
D:1:      shiori_arrival_oz, layout_rooms
D:2:      layout_loops_ring
D:3:      layout_basic, nicolae_ecumenical_snake_handling
D:4:      layout_rooms, serial_bayou_pond_d,
          minmay_a_box_with_orc_wizards_in_it, uniq_natasha

Skill      XL: |  1  2  3  4 |
---------------+-------------+-----
Ranged Weapons | 6 7 8 |  8.2
Fighting       | |  1.5
Dodging        | |  2.4
Stealth        | |  1.2

Action                     |  1- 3 |  4- 6 || total
---------------------------+-------+-------++-------
   Fire: Shortbow          |    94 |    59 ||   153
    Use: Scroll            |     2 |     3 ||     5
         Potion            |       |     2 ||     2
 Armour: Ring mail         |     3 |    13 ||    16
  Dodge: Dodged            |    16 |    24 ||    40

Table legend:
 A = Non-vault XP
 B = Vault XP
 C = Vault XP percentage of total XP
 D = Non-vault monster count
 E = Vault monster count
 F = Vault count percentage of total count
                 A         B        C        D         E       F
            +---------+---------+-------+---------+---------+-------
      Total |     149 |      23 |  13.4 |      44 |       6 |  12.0
            +---------+---------+-------+---------+---------+-------
        D:1 |      20 |       4 |  16.7 |      12 |       2 |  14.3
        D:2 |      34 |       0 |   0.0 |      12 |       0 |   0.0
        D:3 |      86 |      19 |  18.1 |      17 |       4 |  19.0
        D:4 |       9 |       0 |   0.0 |       3 |       0 |   0.0
            +---------+---------+-------+---------+---------+-------
